 Dungeon Crawl Stone Soup version 0.19-a0-1493-gd0fcaa6 (webtiles) character file.

123 Leszczynek the Cudgeler (level 5, -1/49 HPs)
             Began as an Ogre Necromancer on Sept 9, 2016.
             Was an Initiate of Cheibriados.
             Slain by a gnoll
             ... wielding a +0 spear
              (4 damage)
             ... on level 3 of the Dungeon.
             The game lasted 00:09:39 (1331 turns).

Leszczynek the Cudgeler (Ogre Necromancer)          Turns: 1331, Time: 00:09:40

Health: -1/49      AC:  5    Str: 20    XL:     5   Next: 7%
Magic:  8/8        EV: 10    Int: 15    God:    Cheibriados [......]
Gold:   94         SH:  0    Dex: 11    Spells: 2 memorised, 7 levels left

rFire  . . .     SeeInvis .     a - +0 flail
rCold  . . .     Gourm    .     f - +0 robe
rNeg   + . .     Faith    .     (no shield)
rPois  .         Spirit   .     (helmet restricted)
rElec  .         Dismiss  .     (no cloak)
rCorr  .         Reflect  .     (gloves unavailable)
MR     .....     Harm     .     (boots unavailable)
Stlth  +.........               (no amulet)
                                (no ring)
                                r - ring of positive energy

@: mighty, very slow
A: unfitting armour, iridescent scales 1, deterioration 1, tough skin 1
a: Bend Time, Renounce Religion


You were on level 3 of the Dungeon.
You worshipped Cheibriados.
Cheibriados was noncommittal.
You were not hungry.

You visited 1 branch of the dungeon, and saw 4 of its levels.

You collected 94 gold pieces.

Inventory:

Hand Weapons
 a - a +0 flail (weapon)
 n - a +0 mace
 o - a +0 quarterstaff
 q - a +2 dagger of venom
 s - a +0 whip
Missiles
 v - 2 curare-tipped needles
Armour
 f - a +0 robe (worn)
Jewellery
 r - a ring of positive energy (left hand)
Wands
 t - a wand of slowing (22/48)
Scrolls
 g - a scroll of immolation {unknown}
 j - a scroll of amnesia {unknown}
 m - 2 scrolls of fog {unknown}
Books
 b - a book of Necromancy

   Spells                             Type                      Level
   a - Pain                           Necromancy                   1
   b - Animate Skeleton               Necromancy                   1
   c - Vampiric Draining              Necromancy                   3
   d - Regeneration                   Charms/Necromancy            3
   e - Animate Dead                   Necromancy                   4
   f - Control Undead                 Necromancy                   4
Comestibles
 c - 8 chunks of flesh
 d - 2 bread rations
 p - a meat ration


   Skills:
 - Level 1.6 Fighting
 + Level 5.5 Maces & Flails
 - Level 1.7 Dodging
 - Level 1.6 Stealth
 - Level 2.5 Spellcasting
 - Level 2.9 Necromancy


You had 7 spell levels left.
You knew the following spells:

 Your Spells              Type           Power        Failure   Level  Hunger
a - Pain                  Necr           ##..         8%          1    #......
b - Animate Skeleton      Necr           N/A          8%          1    #......


Dungeon Overview and Level Annotations

Branches:
Dungeon (4/15)
 Temple: D:4-7

Altars:
Cheibriados

Shops:
D:4 :


Innate Abilities, Weirdness & Mutations

You are too large for most types of armour.
You have tough skin. (AC +1)
You are partially covered in iridescent scales. (AC +2)
Your body sometimes deteriorates upon taking damage.


Message History

The gnoll hits you from afar with a spear.
* * * LOW HITPOINT WARNING * * *
You feel much better.
The gnoll hits you from afar with a spear!
You feel very mighty all of a sudden. The gnoll hits you.
* * * LOW HITPOINT WARNING * * *
The gnoll hits you from afar with a spear!
* * * LOW HITPOINT WARNING * * *
You feel better. The gnoll closely misses you.
You sock the gnoll!
You kill the gnoll!
You have reached level 5!
The gnoll hits you from afar with a spear!
* * * LOW HITPOINT WARNING * * *
It was a potion of mutation.
You feel extremely strange.
Iridescent scales grow over part of your body.
You feel yourself wasting away.
The gnoll hits you from afar with a spear.
You die...

#................#
####.............#......#
#...###########......#
#..g#......# #......#
#...#.####.# #......#
#...'....#.# #......# #.##.
#...####.#g# #......# ..#.
#........#$####......####.#.
#....#####.@..#...........#.
##....#.....##.#.............
#.......##.###.#.............
#.......##. ##.#!............
#.......##.##...............>
#.(.....##.....##..........##
#.......#####.###..........#
#.......(.....# #####......#
#####.######### #......#


You could see a gnoll.

Vanquished Creatures
  An iguana (D:4)
  Robin (D:4)
  3 gnolls (D:3)
  An adder (D:2)
  A dart slug (D:2)
  A giant gecko (D:1)
  2 bats (D:2)
  A giant cockroach (D:1)
  7 goblins (D:4)
  8 hobgoblins
  A giant newt (D:1)
  4 kobolds
  3 rats
34 creatures vanquished.

Vanquished Creatures (collateral kills)
  A gnoll (D:3)
  A worm (D:4)
  2 goblins (D:4)
  A hobgoblin (D:4)
  A kobold (D:3)
  A giant newt (D:4)
7 creatures vanquished.

Grand Total: 41 creatures vanquished

Notes
Turn   | Place    | Note
-------+----------+-------------------------------------------
     0 | D:1      | Leszczynek the Ogre Necromancer began the quest for the Orb.
     0 | D:1      | Reached XP level 1. HP: 16/16 MP: 3/3
    37 | D:1      | Learned a level 1 spell: Animate Skeleton
   176 | D:1      | Reached skill level 1 in Fighting
   264 | D:1      | Reached XP level 2. HP: 20/28 MP: 1/5
   298 | D:1      | Reached skill level 1 in Maces & Flails
   604 | D:2      | Reached skill level 2 in Maces & Flails
   624 | D:2      | Reached XP level 3. HP: 17/35 MP: 3/6
   807 | D:3      | Found a snail-covered altar of Cheibriados.
   830 | D:3      | Reached skill level 3 in Maces & Flails
   877 | D:3      | Became a worshipper of Cheibriados the Contemplative
   922 | D:3      | Reached skill level 4 in Maces & Flails
   922 | D:3      | Reached XP level 4. HP: 12/42 MP: 3/7
  1022 | D:4      | Noticed Robin
  1138 | D:4      | Reached skill level 5 in Maces & Flails
  1141 | D:4      | Found Qeiniy's Book Shoppe.
  1153 | D:4      | Killed Robin
  1326 | D:3      | HP: 3/42 [gnoll/spear (6)]
  1328 | D:3      | HP: 1/42 [gnoll/spear (8)]
  1330 | D:3      | Reached XP level 5. HP: 11/49 MP: 8/8
  1331 | D:3      | Gained mutation: You are partially covered in iridescent scales. (AC +2) [potion of mutation]
  1331 | D:3      | Gained mutation: Your body sometimes deteriorates upon taking damage. [potion of mutation]
  1331 | D:3      | Slain by a gnoll

Vault maps used:
D:1:      dpeg_arrival_tiny_i, hangedman_decor_push
D:2:      nicolae_overflow_hidden_temple, first_bread
D:3:      cheibriados_altar_wand_db, lemuel_crystal_altar, uniq_terence
D:4:      serial_shops, shop, nicolae_shop_competitors_out_of_business, shop,
          shop, kennysheep_mini, minmay_misc_feat_encased, uniq_robin

Skill      XL: |  1  2  3  4 |
---------------+-------------+-----
Fighting       | 1 |  1.6
Maces & Flails | 2 4 5 |  5.5
Dodging        | |  1.7
Stealth        | |  1.6
Spellcasting   | |  2.5
Necromancy     | |  2.9

Action                   |  1- 3 |  4- 6 || total
-------------------------+-------+-------++-------
Melee: Whip              |    20 |       ||    20
       Dagger            |     9 |       ||     9
       Flail             |     3 |    48 ||    51
 Cast: Pain              |    33 |     3 ||    36
       Animate Skeleton  |     2 |     6 ||     8
Evoke: Wand              |       |     4 ||     4
  Use: Scroll            |     1 |     4 ||     5
       Potion            |       |     4 ||     4
 Stab: Sleeping          |     1 |       ||     1
       Distracted        |       |     1 ||     1
  Eat: Chunk             |       |     3 ||     3
Armor: Robe              |     6 |     4 ||    10
Dodge: Dodged            |    37 |    26 ||    63
